 Dungeon Crawl Stone Soup version 0.31-a0-175-g9f7f995f2b (webtiles) character file.

Game seed: 5861251715950151230

443 Moral the Sneak (level 6, -6/38 HPs)
             Began as a Vampire Gladiator on June 17, 2023.
             Splashed by a jelly's acid (10 damage)
             ... on level 4 of the Dungeon.
             The game lasted 00:08:06 (3108 turns).

Moral the Sneak (Vampire Gladiator)                 Turns: 3108, Time: 00:08:07

Health: -6/38      AC:  0    Str: 11 (13) XL:     6   Next: 71%
Magic:  4/6        EV: 22    Int:  8 (10) God:
Gold:   157        SH:  0    Dex: 21 (23) Spells: 5/5 levels left

rFire   . . .        a - melded +0 long sword
rCold   + + .        (shield currently unavailable)
rNeg    + + +        b - melded +0 leather armour
rPois   ∞            c - melded +0 helmet
rElec   .            (cloak currently unavailable)
rCorr   .            h - melded +1 pair of gloves
SInv    +            l - melded +0 pair of boots
Will    .....        (no amulet)
Stlth   ++++++       q - melded ring of protection from cold
HPRegen 0.00/turn    (ring currently unavailable)
MPRegen 0.10/turn

%: no passive effects
@: bat-form, flying, bloodless, inhibited regen, very quick
A: fast, flying, no casting, tiny, bloodless, fangs 3, see invisible, vampiric 2
a: Revivify, End Transformation


You were on level 4 of the Dungeon.
You were a vampire bat.
You visited 1 branch of the dungeon, and saw 4 of its levels.

You collected 157 gold pieces.

Inventory:

Hand Weapons
 a - a +0 long sword (melded)
Armour
 b - a +0 leather armour (melded)
 c - a +0 helmet (melded)
 h - a +1 pair of gloves (melded)
 l - a +0 pair of boots (melded)
Jewellery
 q - a ring of protection from cold (melded)
 t - a ring of ice
Scrolls
 d - 3 scrolls of identify {unknown}
 e - 2 scrolls of fear {unknown}
 g - 4 scrolls of teleportation {unknown}
 j - a scroll of noise {unknown}
 k - a scroll of vulnerability {unknown}
 m - a scroll of enchant armour {unknown}
 o - a scroll of poison {unknown}
Potions
 f - 2 potions of cancellation {unknown}
 i - 3 potions of degeneration {unknown}
 n - 2 potions of curing {unknown}
 p - 2 potions of ambrosia {unknown}
 r - a potion of brilliance {unknown}
 s - a potion of enlightenment {unknown}
 u - a potion of attraction {unknown}


   Skills:
 * Level 4.1 Fighting
 + Level 4.0 Long Blades
 - Level 1.5 Throwing
 + Level 4.4 Dodging
 * Level 6.2 Stealth


You had 5 spell levels left.
You didn't know any spells.
Your spell library contained the following spells:

 Spells                   Type           Power      Damage    Failure   Level
 Tukima's Dance           Hex            0%         N/A       78%         3
 Passage of Golubria      Tloc           0%         N/A       99%         4
 Yara's Violent Unravell  Hex/Tmut       0%         3d3       100%        5


Dungeon Overview and Level Annotations

Branches:
Dungeon (4/15)
 Temple: D:4-7

Altars:
Gozag
Nemelex Xobeh
Okawaru

Annotations:
D:1 1 transporter


Innate Abilities, Weirdness & Mutations

You are a vampire bat.
You are tiny and dextrous.
You move quickly.
You are flying.
You are immune to poison.
Your equipment is almost entirely melded.
You are incapable of wielding weapons or throwing items.
You cannot cast spells.
You do not regenerate when monsters are visible.
You are frail without blood (-20% HP).
You can heal yourself when you bite living creatures.
You are immune to poison.
You have razor-sharp teeth.
You have supernaturally acute eyesight. (SInv)
You are afflicted with vampirism and can become a bat while bloodless.


Message History

The gnoll is heavily wounded.
The gnoll hits you but does no damage.
You hit the gnoll but do no damage.
The gnoll is heavily wounded.
The gnoll misses you. The gnoll hits you with a +0 spear.
You barely miss the gnoll.
The gnoll is heavily wounded.
The gnoll hits you with a +0 spear.
You hit the gnoll but do no damage. You bite the gnoll.
You draw the gnoll's blood!
You feel better.
The gnoll is almost dead.
The gnoll hits you with a +0 spear.
You slash the gnoll!
You kill the gnoll!
You slash the jelly!
Your hands burn!
You bite the jelly.
The jelly is severely wounded.
The jelly hits you but does no damage. The gnoll sergeant misses you.
You completely miss the jelly.
The jelly is severely wounded.
The jelly barely misses you. The gnoll sergeant barely misses you.
The jelly completely misses you.
You barely miss the jelly.
The jelly is severely wounded.
The gnoll sergeant hits you from afar with a +3 heavy trident!!
Ouch! That really hurt!
* * * LOW HITPOINT WARNING * * *
The jelly misses you.
You don't know any spells.
You turn into a vampire bat.
Your +0 long sword melds into your body.
Your +0 helmet melds into your body.
Your +1 pair of gloves melds into your body.
Your +0 pair of boots melds into your body.
Your +0 leather armour melds into your body.
Your ring of protection from cold melds into your body.
You feel weakened.
You feel dopey.
You feel clumsy. The jelly hits you.
* * * LOW HITPOINT WARNING * * *
You are splashed with acid!
You die...

## ..# #.# ###.### ....g..
#)... ##.#...#############
....g....ggJb......#
##.......#g###...#.##..#
#.......#..............
###...########..#.##.##..#
..... ##.#.##. #..# .###.#
#.#.# . #..# # #. #.#.#
#.#..# .> #.#.###.#..#
#..........###


You could see a gnoll sergeant, a jelly and 2 gnolls.

Vanquished Creatures
  Grinder (D:3)
  Crazy Yiuf (D:2)
  Terence (D:2)
  Natasha (twice) (D:3)
  A gnoll (D:4)
  4 adders
  2 worms (D:2)
  3 dart slugs
  4 ball pythons
  8 bats
  9 endoplasms
  2 giant cockroaches
  7 goblins
  7 hobgoblins
  2 jackals (D:1)
  6 kobolds
  A quokka (D:3)
  3 frilled lizards
  9 rats
73 creatures vanquished.

Notes
Turn   | Place    | Note
-------+----------+-------------------------------------------
     0 | D:1      | Moral the Vampire Gladiator began the quest for the Orb.
     0 | D:1      | Reached XP level 1. HP: 16/16 MP: 1/1
   111 | D:1      | Reached skill level 1 in Stealth
   124 | D:1      | Reached XP level 2. HP: 22/22 MP: 2/2
   315 | D:1      | Reached skill level 2 in Stealth
   664 | D:2      | Gained mutation: You are afflicted with vampirism and can
                  | become a bat while bloodless. [Vampire growth]
   664 | D:2      | Reached XP level 3. HP: 25/25 MP: 3/3
   924 | D:2      | Reached skill level 3 in Stealth
   935 | D:2      | Noticed Terence
   950 | D:2      | Killed Terence
   951 | D:2      | Reached XP level 4. HP: 20/30 MP: 4/4
  1327 | D:2      | Found a runed translucent door.
  1328 | D:2      | Noticed Crazy Yiuf
  1483 | D:2      | Killed Crazy Yiuf
  1484 | D:2      | Reached skill level 4 in Stealth
  1834 | D:3      | Identified the +0 leather armour of Integrity {Regen+
                  | rCorr}
  1876 | D:3      | Found a faded altar of an unknown god.
  1880 | D:3      | Found an iron altar of Okawaru.
  1924 | D:3      | Found an opulent altar of Gozag.
  1938 | D:3      | Noticed Natasha
  1950 | D:3      | Killed Natasha
  1951 | D:3      | Reached XP level 5. HP: 24/28 MP: 5/5
  2256 | D:3      | Noticed Natasha
  2259 | D:3      | Found a faded altar of an unknown god.
  2265 | D:3      | Killed Natasha
  2361 | D:3      | Found a sparkling altar of Nemelex Xobeh.
  2424 | D:3      | Noticed Grinder
  2463 | D:3      | Paralysed by Grinder for 3 turns
  2488 | D:3      | Paralysed by Grinder for 4 turns
  2511 | D:3      | Killed Grinder
  2512 | D:3      | Reached skill level 6 in Stealth
  2512 | D:3      | Reached XP level 6. HP: 2/38 MP: 6/6
  3108 | D:4      | Splashed by a jelly's acid

Illustrated notes

Levels and vault maps discovered:
D:1:      spicycebolla_arrival_risky_transporter, layout_loops_ring,
          chequers_serial_rivers_room_a
D:2:      layout_basic, minmay_misc_feat_diagonals, uniq_crazy_yiuf_cottage,
          uniq_terence
D:3:      layout_loops_corners, nicolae_overflow_ecumenical_swirl,
          nemelex_xobeh_ov_fountains_minmay, nicolae_overflow_crystal_walls,
          nicolae_ecumenical_lake_church, minmay_increasing_density,
          uniq_natasha, uniq_grinder
D:4:      layout_loops_ring, nicolae_uskayaw_en_pointe,
          mainiacjoe_overflow_chevrons, gammafunk_temple_overflow_wave,
          minmay_temple_entry_fiery

Skill      XL: |  1  2  3  4  5 |
---------------+----------------+-----
Stealth        | 1 2 3 4 6 |  6.2
Fighting       | 2 3 4 |  4.1
Dodging        | 4 |  4.4
Long Blades    | 4 |  4.0
Throwing       | |  1.5

Action                     |  1- 3 |  4- 6 || total
---------------------------+-------+-------++-------
  Melee: Long sword        |    92 |   105 ||   197
         Bite              |     9 |    12 ||    21
Ability: Exsanguinate      |     1 |     1 ||     2
         Revivify          |     1 |       ||     1
         Bat Form          |       |     1 ||     1
   Stab: Sleeping          |     8 |    10 ||    18
 Armour: Leather armour    |    33 |    36 ||    69
  Dodge: Dodged            |    68 |    90 ||   158

Table legend: (Time is in decaauts)
 A = Elapsed time spent in this place.
 B = Non-inter-level travel time spent in this place.
 C = Inter-level travel time spent in this place.
 D = Time resting spent in this place.
 E = Time spent auto-exploring this place.
 F = Levels seen in this place.
 G = Mean time per level.
                   A        B        C        D        E       F      G
               +--------+--------+--------+--------+--------+-----+--------+
         Total |   3163 |   3079 |     84 |    570 |   1622 |   4 |  790.8 |
       Dungeon |   3163 |   3079 |     84 |    570 |   1622 |   4 |  790.8 |
               +--------+--------+--------+--------+--------+-----+--------+

Top non-repeatable levels by time:
     D:3: 1254 daAuts
     D:2: 1196 daAuts
     D:1: 655 daAuts
     D:4: 56 daAuts
